 Seeded DCSS version 0.30-a0-1066-g63dfefce0d (webtiles) character file.

Game seed: 3197891053798171883 (custom seed)

573 Twinkles the Stinger (level 7, -1/47 HPs)
             Began as an Octopode Wanderer on Apr 12, 2023.
             Was an Initiate of Ru.
             Slain by an orc
             ... wielding a +0 trident
              (4 damage)
             ... on level 5 of the Dungeon.
             The game lasted 00:07:03 (3372 turns).

Twinkles the Stinger (Octopode Wanderer)            Turns: 3372, Time: 00:07:04

Health: -1/47      AC:  1    Str: 15    XL:     7   Next: 34%
Magic:  8/8        EV: 12    Int: 12    God:    Ru [......]
Gold:   178        SH:  0    Dex: 12    Spells: 4/8 levels left

rFire   . . .      SeeInvis .    d - +2 dagger (drain)
rCold   . . .      Faith    .    (no shield)
rNeg    . . .      Spirit   .    (helmet restricted)
rPois   +          Reflect  .    (no amulet)
rElec   .          Rampage  .    p - ring of poison resistance
rCorr   .                        n - ring of wizardry
Will    .....                    (no ring)
Stlth   +++                      (no ring)
HPRegen 0.27/turn                (no ring)
MPRegen 0.11/turn                (no ring)
                                 (no ring)
                                 (no ring)

@: no status effects
A: almost no armour, amphibious, 8 rings, camouflage 1, gelatinous body 1,
(nimble swimmer 1), tentacles
a: Renounce Religion


You were on level 5 of the Dungeon.
You worshipped Ru.
Ru was noncommittal.
You visited 1 branch of the dungeon, and saw 5 of its levels.

You collected 178 gold pieces.

Inventory:

Hand Weapons
 a - a +0 trident
 c - a +0 dagger
 d - a +2 dagger of draining (weapon)
Missiles
 b - 19 poisoned darts (quivered)
Jewellery
 n - a ring of wizardry (right tentacle)
 p - a ring of poison resistance (left tentacle)
Scrolls
 e - a scroll of fear {unknown}
 g - a scroll of amnesia {unknown}
 h - a scroll of vulnerability {unknown}
 k - 3 scrolls of poison {unknown}
 m - a scroll of enchant armour {unknown}
 o - a scroll of enchant weapon {unknown}
 r - 2 scrolls of magic mapping {unknown}
 Z - a scroll of identify
Potions
 B - 2 potions of brilliance
 J - a potion of curing
 N - a potion of heal wounds
 T - a potion of berserk rage
 U - 2 potions of mutation


   Skills:
 + Level 3.6 Fighting
 - Level 3.0 Polearms
 - Level 1.0 Throwing
 + Level 4.2 Stealth
 + Level 3.0 Unarmed Combat
 - Level 1.0 Spellcasting
 - Level 2.2 Conjurations
 + Level 1.7 Transmutations
 - Level 2.1 Air Magic
 + Level 5.2 Poison Magic


You had 4 spell levels left.
You knew the following spells:

 Your Spells              Type           Power      Damage    Failure   Level
a - Sting                 Tmut/Pois      32%        1d4       3%          1
b - Mephitic Cloud        Conj/Pois/Air  8%         N/A       10%         3

Your spell library contained the following spells:

 Spells                   Type           Power      Damage    Failure   Level
 Freeze                   Ice            0%         1d3       12%         1
 Slow                     Hex            0%         N/A       12%         1
 Hailstorm                Conj/Ice       3%         3d3       22%         3
 Vhi's Electric Charge    Tloc/Air       6%         N/A       24%         3
 Confusing Touch          Hex            0%         N/A       32%         3
 Frozen Ramparts          Ice            0%         1d1       32%         3
 Inner Flame              Hex/Fire       0%         N/A       32%         3
 Vampiric Draining        Necr           0%         2d6       32%         3
 Flame Wave               Conj/Fire      3%         2d5       56%         4
 Sticky Flame             Conj/Fire      3%         2d3       56%         4
 Arcjolt                  Conj/Air       2%         1d12      77%         5
 Plasma Beam              Fire/Air       1%         2x1d12    100%        6


Dungeon Overview and Level Annotations

Branches:
Dungeon (5/15) Zot: 26628
 Temple: D:4-7

Altars:
Ru
Zin
The Shining One

Shops:
D:4 =


Innate Abilities, Weirdness & Mutations

You cannot wear most types of armour.
You are amphibious.
You can wear up to eight rings at the same time.
Your skin changes colour to match your surroundings (Stealth+).
Your rubbery body absorbs attacks. (AC +1, EV +1)
((You are camouflaged when in or above water. (Stealth+)))
You have tentacles for arms and can constrict up to eight enemies at once.


Message History

Your squeeze misses the ice beast.
The ice beast is moderately wounded.
The ice beast barely misses you.
You barely miss the ice beast.
The ice beast is moderately wounded.
The ice beast hits you. The ice beast freezes you.
You hit the ice beast but do no damage.
You tentacle-slap the ice beast, but do no damage.
The ice beast is moderately wounded.
The orc hits you from afar with a +0 trident.
The ice beast hits you. The ice beast freezes you.
You hit the ice beast. Your squeeze misses the ice beast.
The ice beast is heavily wounded.
The orc hits you from afar with a +0 trident.
The ice beast hits you.
* * * LOW HITPOINT WARNING * * *
The ice beast freezes you!
* * * LOW HITPOINT WARNING * * *
You hit the ice beast but do no damage. You drain the ice beast.
You squeeze the ice beast, but do no damage.
The ice beast is heavily wounded.
The orc closely misses you. The ice beast hits you.
* * * LOW HITPOINT WARNING * * *
The ice beast freezes you.
* * * LOW HITPOINT WARNING * * *
You hit the ice beast but do no damage.
The ice beast is heavily wounded.
The orc closely misses you. The ice beast barely misses you.
You hit the ice beast but do no damage. You drain the ice beast.
The ice beast is severely wounded.
The orc misses you.
The ice beast hits you but does no damage.
You hit the ice beast but do no damage. You drain the ice beast.
The ice beast is severely wounded.
The orc misses you.
The ice beast hits you but does no damage.
You closely miss the ice beast.
The ice beast is severely wounded.
The orc hits you from afar with a +0 trident.
You die...

#..... #..... #>....
############.....
#................
#................
#................
########................
#......@................
#......Y######..........
#.....(o+ #..........
#.......# #..........
#.......# #..........
#.......# #..........
#.......# #..........
'..((...# '..........
#.......# .. #..........


You could see an ice beast (very drained) and an orc.

Vanquished Creatures
  Sigmund (D:2)
  2 ogres
  2 hounds (D:4)
  Jessica (D:2)
  2 orc wizards
  4 adders
  An ufetubus (D:4)
  2 worms
  4 dart slugs
  5 orcs
  4 ball pythons
  3 bats
  4 endoplasms
  3 giant cockroaches
  4 goblins
  3 hobgoblins
  5 jackals
  2 frilled lizards
  5 kobolds
  A rat (D:3)
58 creatures vanquished.

Vanquished Creatures (others)
  A bat (D:2)
1 creature vanquished.

Grand Total: 59 creatures vanquished

Notes
Turn   | Place    | Note
-------+----------+-------------------------------------------
     0 | D:1      | Twinkles the Octopode Wanderer began the quest for the Orb.
     0 | D:1      | Twinkles set off with the following items: a +0 trident, 14
                  | poisoned darts, a +0 dagger, a potion of berserk rage; and
                  | the following spell memorised: Sting; and the following
                  | spells available to memorise: Mephitic Cloud.
     0 | D:1      | Reached XP level 1. HP: 14/14 MP: 2/2
   169 | D:1      | Reached XP level 2. HP: 19/19 MP: 3/3
   246 | D:1      | Reached skill level 1 in Stealth
  1069 | D:2      | Noticed Jessica
  1074 | D:2      | Killed Jessica
  1075 | D:2      | Reached skill level 1 in Unarmed Combat
  1075 | D:2      | Reached skill level 1 in Conjurations
  1075 | D:2      | Reached skill level 1 in Air Magic
  1075 | D:2      | Reached skill level 4 in Poison Magic
  1075 | D:2      | Reached XP level 3. HP: 9/25 MP: 4/4
  1148 | D:2      | Reached XP level 4. HP: 28/30 MP: 5/5
  1380 | D:2      | Noticed Sigmund
  1387 | D:2      | Killed Sigmund
  1388 | D:2      | Reached XP level 5. HP: 26/36 MP: 6/6
  1486 | D:2      | Reached XP level 6. HP: 41/42 MP: 7/7
  1978 | D:3      | Found a faded altar of an unknown god.
  2127 | D:3      | Found a glowing golden altar of the Shining One.
  2563 | D:3      | Learned a level 3 spell: Mephitic Cloud
  2776 | D:4      | Found a glowing silver altar of Zin.
  2776 | D:4      | Found a sacrificial altar of Ru.
  2784 | D:4      | Became a worshipper of Ru the Awakened
  2915 | D:4      | Reached skill level 1 in Transmutations
  2915 | D:4      | Reached skill level 5 in Poison Magic
  2915 | D:4      | Reached XP level 7. HP: 33/46 MP: 4/8
  3040 | D:4      | Found Ziol's One-of-a-Kind Rings.
  3161 | D:5      | Entered Level 5 of the Dungeon
  3367 | D:5      | HP: 13/47 [ice beast (2)]
  3367 | D:5      | HP: 5/47 [ice beast (8)]
  3368 | D:5      | HP: 2/47 [ice beast (2)]
  3372 | D:5      | Slain by an orc

Illustrated notes

Levels and vault maps discovered:
D:1:      mrwooster_arrival_statue_3, layout_basic
D:2:      layout_loops_corners, uniq_sigmund, uniq_jessica
D:3:      layout_loops_ring, old_standard_altar, basic_ecumenical_altar
D:4:      layout_basic, chequers_temple_overflow_statue_of_worship,
          nicolae_shop_unique_rings
D:5:      layout_gridville

Skill      XL: |  1  2  3  4  5  6  7 |
---------------+----------------------+-----
Stealth        | 1 2 3 4 |  4.2
Unarmed Combat | 1 2 3 |  3.0
Conjurations   | 1 2 |  2.2
Air Magic      | 1 2 |  2.1
Poison Magic   | 4 5 |  5.2
Fighting       | 3 |  3.6
Transmutations | 1 |  1.7
Polearms       | |  3.0
Throwing       | |  1.0
Spellcasting   | |  1.0

Action                     |  1- 3 |  4- 6 |  7- 9 || total
---------------------------+-------+-------+-------++-------
  Melee: Dagger            |    29 |    68 |    21 ||   118
         Constrict         |    11 |    15 |     2 ||    28
         Tentacles         |     7 |    13 |     4 ||    24
         Trident           |     1 |       |       ||     1
         Punch             |     1 |     2 |     1 ||     4
  Throw: Dart              |       |       |     4 ||     4
   Cast: Mephitic Cloud    |       |     1 |     1 ||     2
    Use: Scroll            |       |       |     4 ||     4
   Stab: Sleeping          |       |     5 |     2 ||     7
         Confused          |       |     2 |     1 ||     3
         Distracted        |       |       |     1 ||     1
 Armour: Skin              |     3 |     3 |     2 ||     8
  Dodge: Dodged            |    23 |    32 |    11 ||    66

Table legend: (Time is in decaauts)
 A = Elapsed time spent in this place.
 B = Non-inter-level travel time spent in this place.
 C = Inter-level travel time spent in this place.
 D = Time resting spent in this place.
 E = Time spent auto-exploring this place.
 F = Levels seen in this place.
 G = Mean time per level.
                   A        B        C        D        E       F      G
               +--------+--------+--------+--------+--------+-----+--------+
         Total |   3370 |   3164 |    206 |     21 |   2684 |   5 |  674.0 |
       Dungeon |   3370 |   3164 |    206 |     21 |   2684 |   5 |  674.0 |
               +--------+--------+--------+--------+--------+-----+--------+

Top non-repeatable levels by time:
     D:2: 999 daAuts
     D:1: 977 daAuts
     D:3: 677 daAuts
     D:4: 537 daAuts
     D:5: 177 daAuts
